 Dungeon Crawl Stone Soup version 0.21-a0-170-g0398fc9 (webtiles) character file.

118 Ikkuss the Slasher (level 5, -6/42 HPs)
             Began as a Human Wanderer on Aug 6, 2017.
             Mangled by Crazy Yiuf
             ... wielding a +4 quarterstaff of chaos
              (8 damage)
             ... on level 3 of the Dungeon.
             The game lasted 00:07:58 (3303 turns).

Ikkuss the Slasher (Human Wanderer)                 Turns: 3303, Time: 00:07:59

Health: -6/42      AC:  5    Str: 13    XL:     5   Next: 23%
Magic:  0/5        EV: 10    Int: 12    God:
Gold:   133        SH:  0    Dex: 13    Spells: 4/4 levels left

rFire    . . .     SeeInvis .   a - +2 falchion
rCold    . . .     Gourm    .   (no shield)
rNeg     . . .     Faith    .   c - +0 ring mail
rPois    .         Spirit   .   (no helmet)
rElec    .         Reflect  .   (no cloak)
rCorr    +         Harm     .   (no gloves)
MR       .....                  (no boots)
Stlth    +.........             w - amulet of regeneration
HPRegen  0.54/turn              k - ring of resist corrosion
MPRegen  0.09/turn              (no ring)

@: drained
A: no striking features
a: no special abilities


You were on level 3 of the Dungeon.
You were not hungry.

You visited 1 branch of the dungeon, and saw 3 of its levels.

You collected 133 gold pieces.

Inventory:

Hand Weapons
 a - a +2 falchion (weapon)
 d - a +0 dagger
Armour
 c - a +0 ring mail (worn)
Jewellery
 k - a ring of resist corrosion (left hand)
 v - a -2 ring of protection
 w - an amulet of regeneration (around neck)
Scrolls
 h - 4 scrolls of identify
 o - 2 scrolls of amnesia
 t - a scroll of teleportation
Potions
 b - a potion of curing
 e - a potion of mutation {unknown}
 i - 2 potions of haste {unknown}
 j - 2 potions of resistance
 p - 2 potions of ambrosia {unknown}
 u - a potion of heal wounds {unknown}
Comestibles
 f - 2 bread rations
 m - 3 meat rations
 n - 2 royal jellies
 q - a fruit


   Skills:
 * Level 3.7(3.3) Fighting
 * Level 3.8(3.4) Long Blades
 - Level 3.0(2.6) Armour
 - Level 3.0(2.6) Stealth


You had 4 spell levels left.
You didn't know any spells.

Dungeon Overview and Level Annotations

Branches:
Dungeon (3/15)

Altars:
Uskayaw
The Shining One

Annotations:
D:3 Crazy Yiuf


Message History

Crazy Yiuf hits you with a quarterstaff of chaos!
You feel drained.
You barely miss Crazy Yiuf.
Crazy Yiuf is moderately wounded.
Crazy Yiuf hits you with a quarterstaff of chaos!
* * * LOW HITPOINT WARNING * * *
You feel your power leaking away.
You hit Crazy Yiuf.
Crazy Yiuf is heavily wounded.
Crazy Yiuf laughs, "Citrus alas illywillydillykilly!"
Crazy Yiuf hits you with a quarterstaff of chaos.
* * * LOW HITPOINT WARNING * * *
Crazy Yiuf burns you.
* * * LOW HITPOINT WARNING * * *
Unknown command.
Your ring mail prevents you from hitting Crazy Yiuf.
Crazy Yiuf is heavily wounded.
Crazy Yiuf says, "Lugonu hog Xom!"
Crazy Yiuf hits you with a quarterstaff of chaos!
You die...

#########.##
...........#
#########..# .#
######### .# #...# .#
#.### .###.####♣♣
*#### ..........♣♣
♣♣#..)#
#####......♣♣♣♣.@g..#
##......♣..♣#...#
##....♣.♣♣♣*####
###♣♣♣♣♣ ########
.......# ########


You could see Crazy Yiuf.

Vanquished Creatures
  3 adders
  2 oozes
  A worm (D:2)
  2 dart slugs
  3 leopard geckos
  6 giant cockroaches
  8 hobgoblins
  5 jackals
  6 kobolds
  7 bats
  4 frilled lizards
  12 goblins
  14 rats
73 creatures vanquished.

Notes
Turn   | Place    | Note
-------+----------+-------------------------------------------
     0 | D:1      | Ikkuss the Human Wanderer began the quest for the Orb.
     0 | D:1      | Ikkuss set off with: a +2 falchion, a potion of curing, a +0 ring mail, a +0 dagger, a bread ration
     0 | D:1      | Reached XP level 1. HP: 16/16 MP: 1/1
   421 | D:1      | Reached XP level 2. HP: 20/23 MP: 2/2
   711 | D:1      | Reached XP level 3. HP: 28/28 MP: 3/3
  1128 | D:2      | Found a hide-covered altar of Uskayaw.
  1637 | D:2      | Found a glowing golden altar of the Shining One.
  1901 | D:2      | Reached XP level 4. HP: 35/35 MP: 4/4
  2602 | D:3      | Reached XP level 5. HP: 38/41 MP: 5/5
  2972 | D:3      | Found a runed door.
  3034 | D:3      | Noticed Crazy Yiuf
  3302 | D:3      | HP: 2/42 [Crazy Yiuf/quarterstaff of chaos (1)]
  3303 | D:3      | Mangled by Crazy Yiuf

Vault maps used:
D:1:      minmay_arrival_widening_spiral_wide
D:2:      eat_drink_and_be_merry_uskayaw, first_bread,
          nicolae_tso_swordbearing_angel
D:3:      uniq_crazy_yiuf_cottage

Skill      XL: |  1  2  3 |
---------------+----------+-----
Long Blades    | 3 |  3.8
Fighting       | 3 |  3.7
Armour         | |  3.0
Stealth        | |  3.0

Action                   |  1- 3 |  4- 6 || total
-------------------------+-------+-------++-------
Melee: Falchion          |    86 |    91 ||   177
  Use: Scroll            |       |     7 ||     7
 Stab: Sleeping          |     1 |     2 ||     3
  Eat: Chunk             |     3 |     3 ||     6
       Fruit             |       |     2 ||     2
Armor: Ring mail         |    34 |    38 ||    72
Dodge: Dodged            |    41 |    49 ||    90
       Rpst.: Falchion   |    14 |    20 ||    34
